 Dungeon Crawl Stone Soup version 0.31-a0-986-g5e6e4ef867 (webtiles) character file.

Game seed: 10687206531010947692

699672 Lobster4 the Petrodigitator (level 27, -9/174 (179) HPs)
             Began as a Gargoyle Earth Elementalist on Nov 11, 2023.
             Was the Champion of Vehumet.
             Killed by a royal mummy's death curse (29 damage)
             ... on level 3 of the Tomb of the Ancients.
             The game lasted 06:12:20 (94617 turns).

Lobster4 the Petrodigitator (GrEE)                 Turns: 94617, Time: 06:12:21

HP:   -9/174 (179)  AC: 44    Str: 13    XL:     27
MP:   63/63         EV: 18    Int: 26    God:    Vehumet [******]
Gold: 7373          SH: 22    Dex: 16    Spells: 18/73 levels left

rFire   + . .        a - staff of Infection {Stlth+ Earth}
rCold   + + .        y - +4 kite shield {reflect}
rNeg    + + .        c - +3 scale mail of the Game Afoot {Drain Fly rC++ rCorr Int-2}
rPois   ∞            l - +2 hat {Will+}
rElec   +            q - +0 cloak of Loeteam {MP+9}
rCorr   +            A - +3 pair of gloves of the Spheres {rN+ Int-4 Dex+3}
SInv    +            x - +1 pair of boots "Nyawkol" {rElec Int+2 Dex+3}
Will    ++++.        i - amulet of magic regeneration
Stlth   ++++         W - ring "Femeac" {rF+ MP+9 Str+3}
HPRegen 0.49/turn    h - ring "Luevaif" {+Blink Will+ EV+5}
MPRegen 0.78/turn

%: reflection
@: brilliant, flying, very slightly contaminated, slowed, studying 4 skills,
lightly drained, very slow
A: sickness immunity, AC +20, big wings, negative energy resistance 1,
electricity resistance, torment resistance 1, petrification resistance, large
bone plates 1, camouflage 1, see invisible, low MP 1, weak 1
}: 4/15 runes: decaying, serpentine, slimy, silver
a: Renounce Religion, Evoke Blink


You were on level 3 of the Tomb of the Ancients.
You worshipped Vehumet.
Vehumet was exalted by your worship.
You visited 13 branches of the dungeon, and saw 59 of its levels.
You also visited: Trove, Gauntlet and Volcano.

You collected 11956 gold pieces.
You spent 4583 gold pieces at shops.

Inventory:

Hand Weapons
 b - the +18 lance "Wyrmbane" {slay drac, rPois rF+ rC+ AC+3}
   (You took it off a deep elf annihilator on level 3 of the Elven Halls)

   AC+3:      It affects your AC (+3).
   rF+:       It protects you from fire.
   rC+:       It protects you from cold.
   rPois:     It protects you from poison
Armour
 c - the +3 scale mail of the Game Afoot (worn) {Drain Fly rC++ rCorr Int-2}
   (You found it in a treasure trove)

   Int-2:     It affects your intelligence (-2).
   rC++:      It greatly protects you from cold.
   Fly:       It grants you flight.
   rCorr:     It protects you from acid and corrosion.
   Drain:     It drains your maximum health when unequipped.
 l - a +2 hat of willpower (worn)
 q - the +0 cloak of Loeteam (worn) {MP+9}
   (You found it in a treasure trove)

   MP+9:      It affects your magic capacity (+9).
 x - the +1 pair of boots "Nyawkol" (worn) {rElec Int+2 Dex+3}
   (You found it in a treasure trove)

   Int+2:     It affects your intelligence (+2).
   Dex+3:     It affects your dexterity (+3).
   rElec:     It insulates you from electricity.
 y - a +4 kite shield of reflection (worn)
 A - the +3 pair of gloves of the Spheres (worn) {rN+ Int-4 Dex+3}
   (You found it in a treasure trove)

   Int-4:     It affects your intelligence (-4).
   Dex+3:     It affects your dexterity (+3).
   rN+:       It protects you from negative energy.
 H - a +3 ring mail of cold resistance
 Z - the +1 pair of gloves "Roxoir Tuawk" {Will++ Str+8 Dex-5 Stlth+}
   (You found it on level 4 of the Realm of Zot)

   Str+8:     It affects your strength (+8).
   Dex-5:     It affects your dexterity (-5).
   Will++:    It greatly increases your willpower.
   Stlth+:    It makes you more stealthy.
Magical Staves
 a - the staff of Infection (weapon) {Stlth+ Earth}
   (You acquired it on level 10 of the Dungeon)

   [staff of earth]

   Base accuracy: +5 Base damage: 5 Base attack delay: 1.2 This weapon's minimum
   attack delay (0.6) is reached at skill level 12.
   Stlth+:    It makes you more stealthy.
   Earth:     It increases the power of your Earth spells.
   It falls into the 'Staves' category.
   It is a one-handed weapon.
Jewellery
 h - the ring "Luevaif" (right hand) {+Blink Will+ EV+5}
   (You took it off a deep elf sorcerer on level 3 of the Elven Halls)

   [ring of evasion]

   EV+5:      It affects your evasion (+5).
   Will+:     It increases your willpower.
   +Blink:    It lets you blink.
 i - an amulet of magic regeneration (around neck)
 G - the ring of Idoedesh {Wiz rN+ Dex-2 SInv}
   (You found it on level 5 of the Pits of Slime)

   [ring of wizardry]

   Wiz:       It improves your spell success rate.
   Dex-2:     It affects your dexterity (-2).
   rN+:       It protects you from negative energy.
   SInv:      It lets you see invisible.
 J - the amulet of the Prince of Darkness {rF+ rN+ Regen+ Dex+2}
   (You found it on level 3 of the Crypt)

   [amulet of regeneration]

   Dex+2:     It affects your dexterity (+2).
   rF+:       It protects you from fire.
   rN+:       It protects you from negative energy.
   Regen+:    It increases your rate of health regeneration.
 M - the ring "Cadghidua" {rN+ Slay+2}
   (You found it on level 3 of the Crypt)

   [ring of positive energy]

   Slay+2:    It affects your accuracy & damage with ranged weapons and melee
   (+2).
   rN+:       It protects you from negative energy.
 W - the ring "Femeac" (left hand) {rF+ MP+9 Str+3}
   (You found it in a volcano)

   [ring of magical power]

   Str+3:     It affects your strength (+3).
   rF+:       It protects you from fire.
   MP+9:      It affects your magic capacity (+9).
Wands
 d - a wand of digging (17)
 s - a wand of roots (39)
 v - a wand of paralysis (100)
 F - a wand of mindburst (59)
 X - a wand of quicksilver (22)
Scrolls
 g - 6 scrolls of silence
 j - a scroll of fear
 r - a scroll of immolation
 z - 7 scrolls of teleportation
 B - a scroll of enchant armour
 I - 13 scrolls of fog
 K - 2 scrolls of butterflies
 R - a scroll of blinking
 U - 8 scrolls of poison
Potions
 f - 3 potions of cancellation
 k - 4 potions of magic
 m - 30 potions of curing
 n - 12 potions of mutation
 o - 10 potions of lignification
 p - 3 potions of heal wounds
 t - a potion of berserk rage
 u - 2 potions of invisibility
 w - 13 potions of enlightenment
 C - 13 potions of ambrosia
 D - a potion of resistance
 P - 9 potions of haste
 S - 3 potions of brilliance
 Y - 4 potions of might
Miscellaneous
 O - a phantom mirror
 Q - a tin of tremorstones (2/2)
 T - a phial of floods


   Skills:
 - Level 20.0 Fighting
 - Level 5.6(6.0) Maces & Flails
 - Level 12.8(13.0) Polearms
 - Level 3.0(10.2) Staves
 - Level 2.0 Throwing
 - Level 15.0 Armour
 - Level 9.0 Dodging
 - Level 5.0 Stealth
 - Level 17.0 Shields
 * Level 23.7 Spellcasting
 + Level 25.9 Conjurations
 - Level 7.0 Transmutations
 - Level 7.0 Ice Magic
 - Level 3.0 Air Magic
 O Level 27 Earth Magic
 - Level 7.0 Evocations


You had 18 spell levels left.
You knew the following spells:

 Your Spells              Type           Power      Damage    Failure   Level
a - Sandblast             Erth           100%       2d20      0%          1
b - Stone Arrow           Conj/Erth      100%       3d13      0%          3
c - Lehudib's Crystal Sp  Conj/Erth      77%        10d17     1%          8
d - Magic Dart            Conj           100%       1d8       0%          1
e - Shatter               Erth           78%        3d57*     2%          9
f - Freezing Cloud        Conj/Ice/Air   48%        6-21      1%          5
g - Borgnjor's Vile Clut  Necr/Erth      61%        N/A       1%          5
h - Lee's Rapid Deconstr  Erth           78%        3d35*     0%          5
i - Brom's Barrelling Bo  Conj/Erth      100%       2d11      0%          4
j - Irradiate             Conj/Tmut      54%        3d29      1%          5
p - Passwall              Tmut/Erth      100%       N/A       0%          2
r - Frozen Ramparts       Ice            100%       1d16      1%          3
s - Petrify               Tmut/Erth      100%       N/A       1%          4

Your spell library contained the following spells:

 Spells                   Type           Power      Damage    Failure   Level
 Searing Ray              Conj           100%       2d8       0%          2
 Hailstorm                Conj/Ice       100%       3d20      0%          3
 Iskenderun's Battlesphe  Conj           100%       2d15      0%          5
 Foxfire                  Conj/Fire      100%       2x1d9     1%          1
 Freeze                   Ice            100%       1d10      1%          1
 Kiss of Death            Conj/Necr      100%       2d13      1%          1
 Sting                    Tmut/Pois      100%       1d8       1%          1
 Momentum Strike          Conj/Tloc      100%       3d10      1%          2
 Poisonous Vapours        Pois/Air       100%       N/A       1%          2
 Wereblood                Tmut           79%        N/A       1%          2
 Dazzling Flash           Conj/Hex       100%       N/A       1%          3
 Mephitic Cloud           Conj/Pois/Air  88%        N/A       1%          3
 Animate Armour           Summ/Erth      100%       N/A       1%          4
 Flame Wave               Conj/Fire      99%        2d21      1%          4
 Fulminant Prism          Conj/Hex       49%        3d21      1%          4
 Iskenderun's Mystic Bla  Conj/Tloc      99%        2d19      1%          4
 Sticky Flame             Conj/Fire      99%        2d11      1%          4
 Fireball                 Conj/Fire      49%        3d19      1%          5
 Conjure Ball Lightning   Conj/Air       51%        3x3d18    1%          6
 Orb of Destruction       Conj           64%        9d15      1%          7
 Scorch                   Fire           92%        2d8       2%          2
 Inner Flame              Hex/Fire       46%        N/A       4%          3
 Volatile Blastmotes      Fire/Tloc      92%        2d17      4%          3
 Slow                     Hex            100%       N/A       5%          1
 Summon Small Mammal      Summ           100%       N/A       5%          1
 Blink                    Tloc           92%        N/A       9%          2
 Call Imp                 Summ           92%        N/A       9%          2
 Lesser Beckoning         Tloc           92%        N/A       9%          2
 Yara's Violent Unravell  Hex/Tmut       32%        3d13      11%         5
 Olgreb's Toxic Radiance  Pois           46%        N/A       16%         4
 Call Canine Familiar     Summ           46%        N/A       17%         3
 Confusing Touch          Hex            46%        N/A       17%         3
 Gell's Gravitas          Tloc           46%        N/A       17%         3
 Sigil of Binding         Hex            46%        N/A       17%         3
 Summon Guardian Golem    Hex/Summ       46%        N/A       17%         3
 Teleport Other           Tloc           46%        N/A       17%         3
 Tukima's Dance           Hex            46%        N/A       17%         3
 Vampiric Draining        Necr           46%        2d9       17%         3
 Summon Lightning Spire   Summ/Air       55%        N/A       30%         4
 Alistair's Intoxication  Tmut/Pois      43%        N/A       36%         5
 Eringya's Noxious Bog    Tmut/Pois      32%        4d6       45%         6
 Dimensional Bullseye     Hex/Tloc       23%        N/A       50%         4
 Dispel Undead            Necr           46%        3d18      50%         4
 Manifold Assault         Tloc           46%        N/A       50%         4
 Passage of Golubria      Tloc           46%        N/A       50%         4
 Ozocubu's Refrigeration  Ice            39%        4d16      54%         7
 Silence                  Hex/Air        27%        N/A       63%         5
 Agony                    Necr           46%        N/A       83%         5
 Summon Mana Viper        Hex/Summ       46%        N/A       83%         5
 Simulacrum               Ice/Necr       32%        N/A       90%         6
 Chain Lightning          Conj/Air       51%        3d68      97%         9
 Fire Storm               Conj/Fire      49%        8d13      99%         9
 Dispersal                Tloc           23%        N/A       100%        6
 Summon Cactus Giant      Summ           23%        N/A       100%        6
 Enfeeble                 Hex            23%        N/A       100%        7
 Haunt                    Necr/Summ      23%        N/A       100%        7
 Summon Hydra             Summ           23%        N/A       100%        7
 Borgnjor's Revivificati  Necr           23%        N/A       100%        8
 Discord                  Hex            23%        N/A       100%        8
 Ignition                 Fire           23%        3d8       100%        8
 Infestation              Necr           23%        N/A       100%        8
 Summon Horrible Things   Summ           23%        N/A       100%        8
 Polar Vortex             Ice            39%        12d5*     100%        9
 Cigotuvi's Dreadful Rot  Necr/Pois/Air  Unusable   N/A       N/A         2
 Sublimation of Blood     Necr           Unusable   N/A       N/A         2

Dungeon Overview and Level Annotations

Branches:
Dungeon (15/15)            Temple (1/1) D:6            Lair (5/5) D:10
  Swamp (4/4) Lair:3        Snake (4/4) Lair:2        Slime (5/5) Lair:5
    Orc (2/2) D:11            Elf (3/3) Orc:2        Vaults (5/5) D:13
  Crypt (3/3) Vaults:2       Tomb (3/3) Crypt:3      Depths (4/4) D:15
    Zot (5/5) Depths:4    Volcano (visited)         Gauntlet (visited)

Altars:
Ashenzari
Cheibriados
Dithmenos
Elyvilon
Fedhas
Gozag
Hepliaklqana
Kikubaaqudgha
Makhleb
Nemelex Xobeh
Okawaru
Qazlal
Ru
Sif Muna
Trog
Uskayaw
Vehumet
Wu Jian
Xom
Yredelemnul
Zin
The Shining One
Jiyva
Lugonu

Shops:
D:4 (   D:15 [[!   Orc:1 (   Orc:2 =:?[   Elf:1 *   Elf:2 [   Elf:3 *
Snake:2 =:=   Depths:1 (   Depths:2 *   Depths:3 *

Portals:
Hell: Depths:1 Depths:2 Depths:3 Depths:4
Abyss: Depths:2 Depths:3
Pandemonium: Depths:2 Depths:4
Ziggurat: Depths:2


Innate Abilities, Weirdness & Mutations

You are immune to sickness and miasma.
Your stone body is resilient. (AC +20)
You are immune to poison.
Your large and strong wings let you fly.
You resist negative energy. (rN+)
You are resistant to electric shocks. (rElec)
You are resistant to unholy torment.
You are immune to petrification.
You are partially covered in large bone plates. (SH +4)
Your skin changes colour to match your surroundings (Stealth+).
You have supernaturally acute eyesight. (SInv)
Your magical capacity is low. (-10% MP)
You are weak. (Str -2)


Message History

You feel extremely nervous for a moment...
Your body is wracked with pain!
* * * LOW HITPOINT WARNING * * *
You feel extremely nervous for a moment...
You are engulfed in negative energy!
You partially resist.
You feel drained.
You feel extremely nervous for a moment...
You shiver with cold.
You feel extremely nervous for a moment...
You are engulfed in negative energy!
You partially resist.
You feel drained.
The bennu blazes out!
The pyre of ghostly fire engulfs you. You partially resist.
You feel drained.
* * * LOW HITPOINT WARNING * * *
The pyre of ghostly fire engulfs the royal mummy.
The royal mummy completely resists.
A royal mummy comes into view.
The mummy priest prays to its god.
Unknown command.
Casting: Shatter (dangerous; 2% risk of failure)
Confirm with . or Enter, or press ? or * to list all spells.
You feel a strong surge of power!
The dungeon rumbles!
You destroy the royal mummy!
Vehumet accepts your kill.
You feel your power returning.
The emperor scorpion disappears in a puff of smoke! x2
The shadow wraith is almost destroyed.
You destroy the wight!
The wight disappears in a puff of smoke!
You destroy the mummy priest!
Vehumet accepts your kill.
The shadow wraith disappears in a puff of smoke!
The royal mummy is heavily damaged.
You destroy the skeletal warrior!
Vehumet accepts your kill.
Ka-crash!
You feel extremely nervous for a moment...
You are engulfed in negative energy!
You partially resist.
You feel drained.
You feel extremely nervous for a moment...
Pain shoots through your body!!
You die...

▓▓▓▓▓▓▓▓▓▓▓▓▓▓▓ ▓▓▓▓▓▓▓▓▓▓▓▓▓▓▓▓
▓▓▓▓▓▓▓▓▓▓▓▓▓▓▓▓ ▓▓▓▓▓▓▓▓▓▓▓▓▓▓▓▓
▓▓▓▓▓▓▓▓▓▓▓▓▓▓▓▓▓▓▓▓
...................#
...................#*****
##$$$$#...).^.@...#*,,,,,**
##$$$$$$..........##,,,,,,,**
##!$$$!...............,,,,,,,**
#$$$$$$$Z........§......^,,,,,**
$$$$$$...)...§.$.§......,,,,,,,**
)$$$$?....[....§...§....,,,,,,,,*
$$$$)$$.....).§.[§.§.^..,,,,,,,,,
$$$$$..Z....).M)....)...,,,,,,,,,
$$$$$..b./...).)..#.,,,^,,,,,,,,,


You could see a royal mummy.

Vanquished Creatures
  the Royal Jelly (Slime:5)
  4 dread liches
  6 orbs of fire
  6 ancient liches
  Mara (Snake:3)
  3 juggernauts
  The ghost of Jobey the Warrior, a master DjCK of Xom (Depths:4)
  The ghost of Ygyeth Femmu the Hoplite, a veteran MiBe of Trog (Zot:5)
  Sojobo (Depths:4)
  The ghost of Ymesich the End of an Era, a veteran HOGl of Qazlal (Depths:4)
  12 royal mummies
  Vashnia (Snake:2)
  3 Killer Klowns
  Bai Suzhen (Vaults:5)
  A caustic shrike (Depths:4)
  2 curse toes
  The ghost of Ymeapuof the Victor of a Thousand Battles, a veteran GnWn of Okawaru (Depths:4)
  Norris (Depths:2)
  Nikola (Snake:2)
  9 golden dragons
  A profane servitor (Crypt:3)
  3 bone dragons
  3 electric golems
  24 tentacled monstrosities
  Jorgrun (D:15)
  3 walking crystal tomes
  2 deep elf blademasters (Elf:3)
  25 Orb Guardians
  6 liches
  6 titans (Vaults:5)
  2 deep elf master archers (Elf:3)
  16 sphinxes
  3 walking frostbound tomes
  2 death cobs
  2 walking divine tomes
  4 quicksilver dragons
  25 acid blobs
  13 ancient champions
  An eldritch tentacle (Tomb:3)
  Gastronok (Lair:2)
  Agnes (Snake:2)
  2 thorn hunters (Swamp:4)
  11 tengu reavers
  19 storm dragons
  9 shadow dragons
  Aizul (Snake:2)
  2 draconian monks (Zot:5)
  3 revenants
  A daeva (Depths:2)
  17 azure jellies
  Donald (Orc:2)
  The ghost of Rualuul the Phalangite, an adept MfBe of Trog (Swamp:2)
  18 rockslimes
  3 fenstrider witches (Swamp:4)
  Roxanne (Elf:2)
  4 draconian knights
  16 vault wardens
  A ghost moth (Zot:5)
  3 nagarajas (Snake:4)
  5 deep elf sorcerers
  11 fire giants
  An iron dragon (Depths:4)
  12 frost giants
  A caustic shrike zombie (Crypt:2)
  A draconian scorcher (Depths:4)
  Louise (D:14)
  3 balrugs
  A juggernaut zombie (Tomb:3)
  14 ghouls
  2 draconian annihilators (Zot:3)
  A deep elf elementalist (Elf:3)
  A spriggan defender (Depths:4)
  2 angels (Depths:2)
  12 quicksilver oozes
  4 draconian shifters
  16 formless jellyfish
  2 curse skulls (Crypt:2)
  23 ironbound preservers
  11 very ugly things
  17 stone giants
  2 caustic shrike skeletons (Crypt:2)
  The ghost of Pixtaico the Unseen, an adept FeNe of Elyvilon (Vaults:1)
  8 ironbound thunderhulks
  12 green draconians
  6 deep elf demonologists
  12 vampire knights
  10 deep elf annihilators
  Azrael (Snake:2)
  10 eleionomae
  8 dire elephants
  12 bennus
  A minotaur (Gauntlet)
  3 spark wasps
  2 bunyips
  8 purple draconians
  A lorocyproca (Depths:4)
  Nessos (Lair:5)
  6 red draconians
  3 yellow draconians
  A white draconian (Zot:3)
  9 black draconians
  13 deep elf death magi
  A spectral quicksilver dragon (Crypt:3)
  A green death (Swamp:4)
  An eidolon (Crypt:1)
  19 ettins
  9 fire dragons
  A blizzard demon (Swamp:4)
  Josephine (D:14)
  A crystal guardian (Vaults:3)
  20 mummy priests
  2 shambling mangroves (Swamp:4)
  3 deep elf high priests
  An entropy weaver (Vaults:4)
  A spectral fenstrider witch (Crypt:3)
  26 jiangshi
  33 vault guards
  19 yaktaur captains
  2 rakshasas
  A quicksilver dragon skeleton (Tomb:2)
  15 great orbs of eyes
  A peacekeeper (Vaults:3)
  7 ice dragons
  8 ogre magi
  Erolcha (D:11)
  7 spriggan air magi
  12 ironbound frosthearts
  5 salamander tyrants
  2 ghost crabs
  2 catoblepae
  8 hydras
  14 centaur warriors
  3 alligators
  5 anacondas
  5 death knights
  A two-headed ogre (shapeshifter) (Depths:2)
  10 two-headed ogres
  25 dancing weapons
  4 boulder beetles
  12 naga warriors
  An anaconda (shapeshifter) (Vaults:5)
  5 tengu warriors
  An Orb Guardian skeleton (Crypt:1)
  59 death scarabs
  15 death yaks
  2 hell hogs
  Urug (D:12)
  6 deep troll shamans
  10 deep troll earth magi
  7 vampire magi
  8 spriggan berserkers
  An occultist (Depths:2)
  27 deep elf knights
  6 soul eaters
  15 naga sharpshooters
  3 shock serpents
  Amaemon (Lair:1)
  A sun demon (Depths:2)
  Nergalle (D:12)
  41 skeletal warriors
  2 hell knights
  9 iron trolls
  A fire crab (shapeshifter) (Elf:3)
  4 salamander mystics
  2 sixfirhies
  2 shadow wraiths
  A fire crab (Volcano)
  4 skysharks (Depths:2)
  A goliath frog (Swamp:1)
  5 sea snakes (Snake:3)
  2 spriggan druids
  9 flayed ghosts
  Lodul (D:14)
  A deep troll (shapeshifter) (Depths:2)
  62 deep trolls
  2 orange crystal statues
  A shadow demon (Depths:2)
  A death drake (Swamp:4)
  A golden dragon skeleton (Crypt:2)
  17 orc knights
  4 glowing orange brains
  3 swamp dragons
  6 bog bodies
  8 naga ritualists
  6 lindwurms
  A spectral iron dragon (Crypt:3)
  3 harpies (shapeshifter)
  4 harpies (Vaults:1)
  2 large abominations (Crypt:3)
  7 necromancers
  20 phantasmal warriors
  8 arcanists
  15 ironbound convokers
  16 mana vipers
  20 deep elf archers
  43 deep elf zephyrmancers
  29 deep elf pyromancers
  A shining eye (shapeshifter) (Vaults:5)
  An eleionoma zombie (Crypt:1)
  23 ugly things
  A sphinx simulacrum (D:15)
  3 orc sorcerers
  5 shining eyes
  2 cyclopes (shapeshifter)
  5 will-o-the-wisps
  2 cyclopes
  12 salamanders
  A stone giant zombie (Vaults:5)
  28 moths of wrath
  A manticore (D:15)
  An eleionoma skeleton (Crypt:1)
  44 black mambas
  39 elephants
  3 eyes of devastation
  Maurice (D:9)
  2 smoke demons (Depths:3)
  5 guardian serpents (Snake:3)
  172 slime creatures
  An elephant (shapeshifter) (Elf:3)
  A frost giant skeleton (Vaults:3)
  2 gargoyles
  2 centaur zombies
  2 molten gargoyles (Volcano)
  A stone giant skeleton (Vaults:3)
  15 naga magi
  3 torpor snails
  A titan simulacrum (Crypt:2)
  16 vault sentinels
  17 cane toads
  A yaktaur zombie (Vaults:3)
  Maggie (D:10)
  A kobold demonologist (D:11)
  3 orange demons
  41 yaktaurs
  5 freezing wraiths
  11 komodo dragons
  A red draconian zombie (Crypt:2)
  A sea snake skeleton (Crypt:1)
  2 rime drakes
  A yaktaur skeleton (Vaults:3)
  41 guardian mummies
  An efreet (D:15)
  A harpy zombie (Tomb:2)
  3 human skeletons (Vaults:3)
  3 tengu conjurers
  A merfolk (shapeshifter) (Vaults:4)
  2 polar bears (Lair:5)
  2 bloated husks
  A meliai (shapeshifter) (Elf:3)
  12 trolls
  3 hellwings (Swamp:4)
  22 hornets
  3 harpy skeletons
  7 tyrant leeches
  A hydra skeleton (Tomb:1)
  2 glass eyes
  70 flying skulls
  17 blink frogs
  18 spriggans
  4 shadows
  A culicivora (shapeshifter) (Vaults:5)
  18 wraiths
  7 ushabtiu
  6 water elementals
  6 air elementals
  66 yaks
  4 wyverns
  A black mamba skeleton (Crypt:2)
  2 centaur simulacra
  A satyr skeleton (Crypt:2)
  3 basilisks
  An ettin skeleton (Vaults:5)
  5 fire elementals
  A tyrant leech zombie (Crypt:2)
  4 golden eyes (Slime:1)
  5 steam dragons
  Grum (D:10)
  11 fire bats
  A redback (Vaults:4)
  16 vampire mosquitoes
  3 chaos spawn
  A wind drake skeleton (Crypt:1)
  A two-headed ogre zombie (Crypt:1)
  A neqoxec (Swamp:4)
  A harpy simulacrum (Tomb:3)
  42 nagas
  2 acid dragons
  7 wargs
  A faun zombie (Crypt:2)
  14 swamp worms
  5 hell hounds
  43 orc warriors
  15 water moccasins
  A sky beast (D:8)
  A swamp drake (Swamp:1)
  3 ice beasts
  An ice beast (shapeshifter) (Vaults:5)
  An elf simulacrum (Vaults:3)
  3 black bears
  16 ogres
  An elephant zombie (Crypt:1)
  8 boggarts
  7 centaurs
  17 wolves
  2 phantoms
  3 kobold brigands
  A wyvern zombie (Crypt:2)
  7 bullfrogs
  2 scorpions
  2 small abominations (Crypt:3)
  A gnoll sergeant (D:10)
  7 necrophages
  An earth elemental (Elf:1)
  An elf skeleton (Crypt:2)
  11 wights (D:8)
  6 killer bees
  A polar bear zombie (Crypt:2)
  A human simulacrum (Vaults:5)
  5 howler monkeys
  2 electric eels (D:8)
  9 lava snakes
  16 orc priests
  3 hounds
  3 jellies
  2 sleepcaps
  Terence (D:2)
  4 iguanas
  21 orc wizards
  A naga zombie (Crypt:1)
  An ice beast zombie (Crypt:1)
  38 mummies
  4 gnolls (D:10)
  6 adders
  A shadow imp (D:5)
  A steam dragon skeleton (Crypt:2)
  A white imp (D:7)
  3 ufetubi (Gauntlet)
  2 dart slugs
  97 orcs
  8 bats
  6 endoplasms
  4 giant cockroaches
  3 goblins
  6 hobgoblins
  2 jackals (D:5)
  23 kobolds
  2 quokkas
  8 ball pythons
  3 frilled lizards (D:1)
  A quokka zombie (Crypt:1)
  7 rats
2798 creatures vanquished.

Vanquished Creatures (collateral kills)
  7 boulders
7 creatures vanquished.

Vanquished Creatures (others)
  The ghost of Fiun the Victor of a Thousand Battles, a veteran GnWn of Okawaru (Depths:4)
  The ghost of Lucarghiu the Victor of a Thousand Battles, a veteran GnWn of Okawaru (Depths:4)
  The ghost of Fiun the Victor of a Thousand Battles, a veteran GnWn of Okawaru (Depths:4)
  The ghost of Gefov the Victor of a Thousand Battles, a veteran GnWn of Okawaru (Depths:4)
  A purple draconian (Zot:4)
  A deep elf knight (Elf:3)
  A deep elf pyromancer (Elf:3)
  A hornet (Swamp:4)
  5 ball lightnings (Depths:4)
  16 boulders
  16 foxfires
45 creatures vanquished.

Grand Total: 2850 creatures vanquished

Notes
Turn   | Place    | Note
-------+----------+-------------------------------------------
     0 | D:1      | Lobster4 the Gargoyle Earth Elementalist began the quest
                  | for the Orb.
     0 | D:1      | Reached XP level 1. HP: 10/10 MP: 3/3
   413 | D:1      | Reached XP level 2. HP: 12/16 MP: 5/5
   416 | D:1      | Learned a level 2 spell: Passwall
   707 | D:1      | Reached skill level 4 in Earth Magic
  1121 | D:2      | Reached skill level 1 in Transmutations
  1140 | D:2      | Reached XP level 3. HP: 20/20 MP: 3/6
  1334 | D:2      | Reached skill level 1 in Armour
  1362 | D:2      | Reached skill level 1 in Fighting
  1593 | D:2      | Reached XP level 4. HP: 25/25 MP: 3/7
  1835 | D:2      | Learned a level 3 spell: Stone Arrow
  1852 | D:3      | Found a sacrificial altar of Ru.
  2088 | D:3      | Noticed Terence
  2325 | D:3      | Reached XP level 5. HP: 10/29 MP: 0/8
  2509 | D:3      | Found a glowing golden altar of the Shining One.
  3092 | D:4      | Noticed a phantom
  3114 | D:4      | Killed a phantom
  3115 | D:4      | Reached skill level 1 in Conjurations
  3115 | D:4      | Reached skill level 5 in Earth Magic
  3115 | D:4      | Reached XP level 6. HP: 32/35 MP: 3/10
  3533 | D:4      | Found Dilyp's Antique Weapon Shop.
  3602 | D:5      | Entered Level 5 of the Dungeon
  3615 | D:5      | Noticed a black bear
  3737 | D:5      | Noticed a black bear
  3741 | D:5      | Killed a black bear
  3742 | D:5      | Reached skill level 1 in Evocations
  3861 | D:5      | Reached XP level 7. HP: 34/40 MP: 8/11
  4088 | D:5      | Reached skill level 1 in Throwing
  4162 | D:5      | Found a stormy altar of Qazlal.
  4458 | D:5      | Reached skill level 6 in Earth Magic
  4758 | D:6      | Identified the of Casici
  4773 | D:6      | Found a bloodstained altar of Trog.
  4842 | D:6      | Identified the +7 trident of Baamar {heavy, Fragile rElec
                  | Str+3}
  4947 | D:6      | Reached XP level 8. HP: 41/46 MP: 6/13
  5012 | D:6      | Reached skill level 1 in Staves
  5142 | D:6      | Found a staircase to the Ecumenical Temple.
  5156 | Temple   | Entered the Ecumenical Temple
  5349 | D:6      | Found a radiant altar of Vehumet.
  5469 | D:6      | Became a worshipper of Vehumet
  5806 | D:6      | Reached skill level 7 in Earth Magic
  5849 | D:6      | Found a basalt altar of Yredelemnul.
  5946 | D:6      | HP: 2/46 [orc priest/divine providence (11)]
  6034 | D:7      | Noticed a hornet
  6041 | D:6      | Killed a hornet
  6042 | D:6      | Reached XP level 9. HP: 29/52 MP: 1/14
  6580 | D:7      | Reached * piety under Vehumet
  6580 | D:7      | Offered knowledge of Magic Dart by Vehumet.
  6589 | D:7      | Learned a level 1 spell: Magic Dart
  6885 | D:7      | Found an opulent altar of Gozag.
  7158 | D:8      | Reached skill level 8 in Earth Magic
  7969 | D:8      | Found a sparkling altar of Nemelex Xobeh.
  7998 | D:8      | Found a snail-covered altar of Cheibriados.
  8016 | D:8      | Reached skill level 5 in Fighting
  8016 | D:8      | Reached XP level 10. HP: 59/59 MP: 12/16
  8017 | D:8      | Noticed a two-headed ogre
  8036 | D:8      | Reached skill level 1 in Shields
  8305 | D:8      | Reached skill level 1 in Maces & Flails
  8305 | D:8      | Reached skill level 5 in Armour
  8305 | D:8      | Reached skill level 9 in Earth Magic
  8938 | D:8      | Killed a two-headed ogre
  8939 | D:8      | Reached skill level 5 in Spellcasting
  8939 | D:8      | Reached skill level 5 in Conjurations
  9253 | D:2      | Killed Terence
  9957 | D:8      | Offered knowledge of Foxfire by Vehumet.
 10130 | D:8      | Learned a level 4 spell: Brom's Barrelling Boulder
 10258 | D:9      | Reached ** piety under Vehumet
 10384 | D:9      | Noticed a two-headed ogre
 10553 | D:9      | You fall into a shaft and drop 2 floors!
 10564 | D:10     | Entered Level 10 of the Dungeon
 10564 | D:10     | Noticed Maggie
 10735 | D:11     | Noticed a two-headed ogre
 10743 | D:11     | Killed a two-headed ogre
 10744 | D:11     | Reached skill level 10 in Earth Magic
 10894 | D:11     | Found a staircase to the Orcish Mines.
 10910 | D:11     | Noticed a kobold demonologist
 10954 | D:11     | Noticed Erolcha
 11348 | D:9      | Reached XP level 11. HP: 59/64 MP: 8/19
 11512 | D:9      | Reached skill level 5 in Dodging
 11828 | D:9      | Killed a two-headed ogre
 11986 | D:10     | Noticed Maurice
 11988 | D:10     | Maurice stole a ring of fire
 11991 | D:10     | Maurice stole 36 poisoned darts
 11993 | D:9      | Maurice stole a +2 whip of venom
 11994 | D:9      | Maurice stole a phial of floods
 12008 | D:9      | Maurice stole 210 gold
 12015 | D:9      | Maurice stole 55 gold
 12016 | D:9      | Killed Maurice
 12267 | D:10     | Noticed Grum
 12283 | D:10     | Killed Grum
 12417 | D:10     | Reached skill level 11 in Earth Magic
 12842 | D:10     | Noticed an orange crystal statue
 12932 | D:10     | Found a staircase to the Lair.
 13190 | D:10     | Found an ancient bone altar of Kikubaaqudgha.
 13274 | D:10     | Found a burning altar of Makhleb.
 13565 | D:11     | Noticed a two-headed ogre
 13573 | D:11     | Killed a two-headed ogre
 13576 | D:11     | Offered knowledge of Volatile Blastmotes by Vehumet.
 14247 | D:11     | Reached *** piety under Vehumet
 14356 | Lair:1   | Entered Level 1 of the Lair of Beasts
 14368 | Lair:1   | Reached XP level 12. HP: 59/72 MP: 14/21
 14743 | Lair:1   | Reached skill level 5 in Shields
 14749 | Lair:1   | Noticed Amaemon
 14803 | Lair:1   | Killed Amaemon
 14919 | Lair:1   | Reached skill level 12 in Earth Magic
 15591 | Lair:2   | Found a dark tunnel.
 15601 | Volcano  | Entered a volcano
 15743 | Volcano  | Offered knowledge of Fulminant Prism by Vehumet.
 15749 | Volcano  | Learned a level 3 spell: Hailstorm
 16077 | Volcano  | Found a radiant altar of Vehumet.
 16077 | Volcano  | Noticed a hell hog
 16083 | Volcano  | Killed a hell hog
 16198 | Volcano  | Reached skill level 1 in Ice Magic
 16474 | Volcano  | Identified the ring "Femeac" {rF+ MP+9 Str+3}
 16720 | Lair:2   | Noticed Gastronok
 16732 | Lair:2   | Killed Gastronok
 16732 | Lair:2   | Reached **** piety under Vehumet
 16907 | Lair:2   | Noticed a death yak
 16908 | Lair:2   | Noticed a death yak
 17214 | Lair:1   | Reached XP level 13. HP: 66/78 MP: 23/23
 17557 | Lair:2   | Reached skill level 13 in Earth Magic
 17718 | Lair:2   | Found a staircase to the Snake Pit.
 17935 | Lair:2   | Offered knowledge of Freezing Cloud by Vehumet.
 18010 | Lair:2   | Learned a level 5 spell: Freezing Cloud
 18568 | Lair:2   | Reached skill level 1 in Air Magic
 19101 | Lair:3   | Learned a level 3 spell: Frozen Ramparts
 19106 | Lair:3   | Learned a level 4 spell: Petrify
 19460 | Lair:3   | Found a staircase to the Swamp.
 19681 | Lair:3   | Reached skill level 14 in Earth Magic
 20347 | Lair:4   | Identified a scroll of acquirement
 20347 | Lair:4   | Identified the "Tilimot" (You acquired it on level 4 of
                  | the Lair of Beasts)
 20347 | Lair:4   | Acquired 733 gold pieces
 20470 | Lair:4   | Gained mutation: Your large and strong wings let you fly.
                  | [Gargoyle growth]
 20470 | Lair:4   | Reached XP level 14. HP: 86/86 MP: 25/25
 20477 | Lair:4   | Reached ***** piety under Vehumet
 20598 | Lair:4   | Offered knowledge of Bombard by Vehumet.
 21070 | Lair:4   | Noticed a dire elephant
 21079 | Lair:4   | Killed a dire elephant
 21979 | Lair:4   | Reached skill level 5 in Ice Magic
 22096 | Lair:4   | Reached skill level 15 in Earth Magic
 22639 | Lair:5   | Entered Level 5 of the Lair of Beasts
 22778 | Lair:5   | Reached skill level 10 in Fighting
 23424 | Lair:5   | Offered knowledge of Plasma Beam by Vehumet.
 23469 | Lair:5   | Noticed Nessos
 23710 | Lair:5   | Killed Nessos
 23711 | Lair:5   | Reached skill level 10 in Conjurations
 23841 | Lair:5   | Found a staircase to the Slime Pits.
 23841 | Lair:5   | Found a viscous altar of Jiyva.
 24255 | Lair:5   | Reached skill level 16 in Earth Magic
 24255 | Lair:5   | Reached XP level 15. HP: 41/93 MP: 27/27
 24807 | Lair:5   | Identified the +5 great sword of the Iron City of Dis
                  | {venom, rPois}
 24969 | D:10     | Killed Maggie
 25526 | D:11     | Killed Erolcha
 25813 | Orc:1    | Entered Level 1 of the Orcish Mines
 26240 | Orc:1    | Found Ahaa's Antique Weapon Emporium.
 26503 | Orc:2    | Entered Level 2 of the Orcish Mines
 26503 | Orc:2    | Noticed Donald
 26513 | Orc:2    | Killed Donald
 27509 | Orc:2    | Offered knowledge of Lee's Rapid Deconstruction by Vehumet.
 27516 | Orc:2    | Learned a level 5 spell: Lee's Rapid Deconstruction
 27521 | Orc:2    | Reached skill level 5 in Maces & Flails
 27618 | D:10     | Acquired the staff of Infection {Stlth+ Earth}
 27953 | Orc:2    | Found Iroalebu's Antique Armour Boutique.
 27953 | Orc:2    | Found Omohoet's Magic Scroll Shoppe.
 28548 | Orc:2    | Found a staircase to the Elven Halls.
 28863 | Orc:2    | Reached skill level 17 in Earth Magic
 29071 | Orc:2    | Found Rixod's Book Boutique.
 29071 | Orc:2    | Found Qikhos's Jewellery Shoppe.
 29545 | Orc:2    | Bought a scroll of identify for 30 gold pieces
 29546 | Orc:2    | Bought a scroll of identify for 30 gold pieces
 29553 | Orc:2    | Bought a scroll of fear for 60 gold pieces
 31209 | D:12     | Noticed Urug
 31215 | D:12     | Killed Urug
 31273 | D:12     | Noticed Nergalle
 31278 | D:12     | Killed Nergalle
 31283 | D:12     | Identified the ring of the King {Fly rElec Dex+6}
 31937 | D:13     | Found the +8 pair of quick blades "Gyre" and "Gimble"
                  | {protect}
 32090 | D:13     | Found a gate to the Vaults.
 32241 | D:13     | Reached XP level 16. HP: 100/100 MP: 29/29
 33025 | D:14     | Noticed Lodul
 33030 | D:14     | Killed Lodul
 33038 | D:14     | Found a gate leading to a gauntlet.
 33055 | Gauntlet | Entered a Gauntlet
 33055 | Gauntlet | Found a transporter.
 33170 | Gauntlet | Found a transporter.
 33185 | Gauntlet | Found a transporter.
 33190 | Gauntlet | Found a transporter.
 33209 | Gauntlet | Found a transporter.
 33224 | Gauntlet | Found a transporter.
 33232 | Gauntlet | Found a large runed translucent door.
 33233 | Gauntlet | Found a large runed translucent door.
 33234 | Gauntlet | Found a large runed translucent door.
 33234 | Gauntlet | Found a large runed translucent door.
 33235 | Gauntlet | Found a runed translucent gate.
 33236 | Gauntlet | Found a transporter.
 33236 | Gauntlet | Found a runed translucent gate.
 33237 | Gauntlet | Found a runed translucent gate.
 33238 | Gauntlet | Found a large runed translucent door.
 33238 | Gauntlet | Found a large runed translucent door.
 33239 | Gauntlet | Found a large runed translucent door.
 33240 | Gauntlet | Found a large runed translucent door.
 33248 | Gauntlet | Found a transporter.
 33260 | Gauntlet | Found a transporter.
 33272 | Gauntlet | Found a transporter.
 33289 | Gauntlet | Found a transporter.
 33307 | Gauntlet | Found a transporter.
 33309 | Gauntlet | Found a transporter.
 33334 | Gauntlet | Found a transporter.
 33334 | Gauntlet | Found the +9 sword of Zonguldrok {reap}
 33336 | Gauntlet | Found a transporter.
 33356 | Gauntlet | Found a transporter.
 33430 | Gauntlet | Found a large runed translucent door.
 33430 | Gauntlet | Found a large runed translucent door.
 33430 | Gauntlet | Found a runed translucent door.
 33430 | Gauntlet | Found a runed translucent door.
 33431 | Gauntlet | Found a large runed translucent door.
 33432 | Gauntlet | Found a large runed translucent door.
 33434 | Gauntlet | Found a transporter.
 33450 | Gauntlet | Found a large runed translucent door.
 33450 | Gauntlet | Found a large runed translucent door.
 33451 | Gauntlet | Found a large runed translucent door.
 33452 | Gauntlet | Found a large runed translucent door.
 33454 | Gauntlet | Found a transporter.
 33561 | Gauntlet | Reached skill level 5 in Stealth
 33756 | Gauntlet | Identified the amulet "Firiew" {Acrobat Contam Harm Fragile
                  | Slay+6}
 33846 | Gauntlet | Identified the +8 rapier of Callousness {elec, rF+}
 33848 | Gauntlet | Found the +7 captain's cutlass {speed, disarm}
 34216 | D:14     | Noticed Josephine
 34223 | D:14     | Reached skill level 10 in Spellcasting
 34226 | D:14     | Killed Josephine
 34297 | D:14     | Noticed Louise
 34494 | Orc:2    | Bought a ring of willpower for 425 gold pieces
 34620 | Swamp:1  | Entered Level 1 of the Swamp
 35072 | Swamp:1  | You are sucked into a shaft and drop 1 floor!
 35369 | Swamp:1  | Reached skill level 18 in Earth Magic
 35785 | Swamp:2  | Found a large runed translucent door.
 35786 | Swamp:2  | Found a large runed translucent door.
 35794 | Swamp:2  | Noticed Rualuul's ghost (adept MfBe)
 36003 | Swamp:2  | Noticed a tentacled monstrosity
 36013 | Swamp:2  | Killed a tentacled monstrosity
 36891 | Swamp:3  | Offered knowledge of Ozocubu's Refrigeration by Vehumet.
 37258 | Swamp:4  | Entered Level 4 of the Swamp
 37266 | Swamp:4  | Reached XP level 17. HP: 108/108 MP: 26/31
 38435 | Swamp:4  | Reached skill level 19 in Earth Magic
 38744 | Swamp:4  | Noticed a tentacled monstrosity
 38764 | Swamp:4  | Noticed a tentacled monstrosity
 39054 | Swamp:4  | Killed a tentacled monstrosity
 39138 | Swamp:4  | Killed a tentacled monstrosity
 39325 | Swamp:4  | Got a decaying rune of Zot
 39654 | Vaults:1 | Identified the "Torryuk"
 39654 | Vaults:5 | Identified the "Offic"
 39654 | Crypt:3  | Identified the "Plog"
 39654 | Elf:1    | Entered Level 1 of the Elven Halls
 39835 | Elf:1    | Paralysed by an air elemental for 1 turns
 39848 | Elf:1    | Reached skill level 10 in Shields
 40271 | Elf:1    | Offered knowledge of Spellforged Servitor by Vehumet.
 40297 | Elf:1    | Reached XP level 18. HP: 96/114 MP: 32/33
 40324 | Elf:1    | Paralysed by an air elemental for 1 turns
 40406 | Elf:1    | Reached skill level 20 in Earth Magic
 40688 | Elf:1    | Found Ybbyurgh's Gadget Gallery.
 41622 | Elf:2    | Found Fidax's Armour Shop.
 41623 | Elf:2    | Noticed Roxanne
 41628 | Elf:2    | Killed Roxanne
 42216 | Elf:2    | Found a huge runed translucent gate.
 42216 | Elf:2    | Found a huge runed translucent gate.
 42227 | Elf:2    | Found a huge runed translucent gate.
 42262 | Elf:2    | Found a huge runed translucent gate.
 42262 | Elf:2    | Found a huge runed translucent gate.
 42729 | Elf:2    | Offered knowledge of Conjure Ball Lightning by Vehumet.
 42759 | Elf:2    | Reached skill level 5 in Transmutations
 43159 | Elf:3    | Identified the "Ajozagoq"
 43159 | Elf:3    | Entered Level 3 of the Elven Halls
 43324 | Elf:3    | Found Soewoos's General Store.
 43374 | Elf:3    | Reached skill level 21 in Earth Magic
 43844 | Elf:3    | Reached XP level 19. HP: 116/121 MP: 35/35
 44051 | Elf:3    | Paralysed by an air elemental for 1 turns
 44076 | Elf:3    | Identified the +7 rapier "Reaph" {antimagic, Int+3 Dex+3}
 44297 | Elf:3    | Identified the +1 great mace "Qefyhuph" {heavy, Drain Str+4
                  | Int+2}
 44403 | Elf:3    | Identified the +10 broad axe "Xehuur" {heavy, Int+7}
 44619 | Elf:3    | Noticed a Tzitzimitl
 44622 | Elf:3    | Reached skill level 1 in Polearms
 44669 | Elf:3    | Identified the ring "Luevaif" {+Blink Will+ EV+5}
 45038 | Elf:3    | Identified the +7 dire flail "Oteamycw" {spect, rC+}
 45044 | Elf:3    | Reached ****** piety under Vehumet
 45045 | Elf:3    | Identified the ring "Axziz" {rPois Str+6 Dex+2 Stlth+}
 45705 | Elf:3    | Offered knowledge of Starburst by Vehumet.
 45947 | Orc:2    | Bought a runed ring mail for 231 gold pieces
 45947 | Orc:2    | Bought a shiny ring mail for 231 gold pieces
 46574 | D:14     | Killed Louise
 46874 | D:15     | Entered Level 15 of the Dungeon
 47389 | D:15     | Found a staircase to the Depths.
 47586 | D:15     | Found Oblaotasm's Distillery.
 47642 | D:15     | Noticed Jorgrun
 47649 | D:15     | Killed Jorgrun
 47768 | D:15     | Found Dorph's Antique Armour Shop.
 47776 | D:15     | Bought a spiked ring mail for 315 gold pieces
 47776 | D:15     | Identified the +0 ring mail of Circular Logic {rElec Dex+2}
                  | (You bought it in a shop on level 15 of the Dungeon)
 47779 | D:15     | Bought a polished scale mail for 315 gold pieces
 47779 | D:15     | Identified the +6 scale mail of Athi {Dex+3} (You bought it
                  | in a shop on level 15 of the Dungeon)
 47804 | D:15     | Found Umoirch's Armour Shoppe.
 47864 | D:15     | Found Kydai's Antique Armour Shop.
 48376 | Snake:1  | Entered Level 1 of the Snake Pit
 48579 | Snake:1  | Reached skill level 22 in Earth Magic
 49225 | Snake:1  | Reached XP level 20. HP: 111/128 MP: 36/36
 49496 | Snake:2  | Reached skill level 15 in Fighting
 49710 | Snake:2  | Noticed Agnes
 49805 | Snake:2  | Noticed Azrael
 49812 | Snake:2  | Killed Azrael
 50015 | Snake:2  | Noticed Nikola
 50027 | Snake:2  | Killed Nikola
 50335 | Snake:2  | Noticed Vashnia
 50347 | Snake:2  | Killed Vashnia
 50615 | Snake:2  | Found Heosouj's Jewellery Emporium.
 50616 | Snake:2  | Found Cipycafuguc's Book Boutique.
 50618 | Snake:2  | Found Wesuemil's Jewellery Emporium.
 50664 | Snake:2  | Killed Agnes
 50665 | Snake:2  | Identified the serpent talisman "Detumm" {+Blink rF+ Str-2}
 50665 | Snake:2  | Noticed Aizul
 50677 | Snake:2  | Killed Aizul
 50677 | Snake:2  | Offered knowledge of Shatter by Vehumet.
 50677 | Snake:2  | Offered knowledge of Chain Lightning by Vehumet.
 50677 | Snake:2  | Offered knowledge of Ignition by Vehumet.
 52269 | Snake:3  | Acquired 795 gold pieces
 52272 | Snake:3  | Identified the of Tubom (You acquired it on level 3 of the
                  | Snake Pit)
 52288 | Snake:4  | Entered Level 4 of the Snake Pit
 52298 | Snake:4  | Noticed Mara
 52303 | Snake:4  | Noticed Lobster4's illusion
 52741 | Snake:3  | Reached skill level 15 in Conjurations
 53453 | Snake:4  | Reached skill level 23 in Earth Magic
 54183 | Snake:4  | Got a serpentine rune of Zot
 54481 | Vaults:1 | Entered Level 1 of the Vaults
 54528 | Vaults:1 | Found a portal to a secret trove of treasure.
 54604 | D:15     | Bought a potion of resistance for 160 gold pieces
 54699 | Vaults:1 | You paid a toll of 5 potions of resistance to enter a
                  | treasure trove
 54700 | Trove    | Entered a treasure trove
 54711 | Trove    | Identified the +3 scale mail of the Game Afoot {Drain Fly
                  | rC++ rCorr Int-2}
 54714 | Trove    | Identified the +0 plate armour of Xilaomaw {rF++ MP+9 Int-2
                  | Dex+3}
 54719 | Trove    | Identified the +0 robe of the Kettle-Drum {*Slow rPois
                  | Int+6}
 54721 | Trove    | Identified the +0 cloak of Loeteam {MP+9}
 54726 | Trove    | Identified the +1 pair of boots "Nyawkol" {rElec Int+2
                  | Dex+3}
 54729 | Trove    | Identified the +3 pair of gloves of the Spheres {rN+ Int-4
                  | Dex+3}
 54896 | Vaults:1 | Reached XP level 21. HP: 124/134 MP: 32/38
 55402 | Vaults:1 | Noticed Pixtaico's ghost (adept FeNe)
 55412 | Vaults:1 | Noticed an ancient lich
 55423 | Vaults:1 | Found a transporter.
 56487 | Vaults:1 | Found a transporter.
 56573 | Vaults:1 | Learned a level 8 spell: Lehudib's Crystal Spear
 56680 | Vaults:2 | Reached skill level 10 in Armour
 57389 | Vaults:2 | Found a staircase to the Crypt.
 57389 | Vaults:2 | Found a basalt altar of Yredelemnul.
 57389 | Vaults:2 | Found an ancient bone altar of Kikubaaqudgha.
 57634 | Vaults:2 | Reached skill level 24 in Earth Magic
 58845 | Vaults:3 | Identified the +12 sling of Nibboin {heavy, rC+ Str+2}
 58884 | Vaults:3 | Reached XP level 22. HP: 140/140 MP: 33/39
 60667 | Vaults:4 | Reached skill level 25 in Earth Magic
 60670 | Vaults:4 | Reached skill level 15 in Shields
 60851 | Vaults:4 | Identified the +0 cloak of the Special Olives {Will+ Str+3
                  | Dex+2}
 62039 | Depths:1 | Entered Level 1 of the Depths
 62440 | Depths:1 | Found Ozxer's Weapon Emporium.
 63013 | Depths:1 | Reached XP level 23. HP: 144/144 MP: 36/41
 63274 | Depths:1 | Reached skill level 26 in Earth Magic
 63281 | Depths:1 | Found a gateway to Hell.
 63346 | Depths:1 | Reached skill level 15 in Spellcasting
 63426 | Depths:1 | Identified the +1 war axe of Cheibriados's Delight {heavy,
                  | rC+ Dex+4}
 63698 | Depths:1 | Found the +3 salamander hide armour {Flames, rFlCloud rF++
                  | rC--}
 63776 | Depths:2 | Found a one-way gateway to a ziggurat.
 63950 | Depths:2 | Found a one-way gate to the infinite horrors of the Abyss.
 64113 | Depths:2 | Reached skill level 5 in Polearms
 64246 | Depths:2 | Noticed a juggernaut
 64324 | Depths:2 | Found Learr's Changing Room.
 64584 | Depths:2 | Found a one-way gate leading to the halls of Pandemonium.
 64629 | Depths:2 | Reached skill level 27 in Earth Magic
 64689 | Depths:2 | Noticed Norris
 64713 | Depths:2 | Paralysed by a sphinx for 2 turns
 64725 | Depths:2 | Identified the +2 buckler "Lyup" {Harm Str-3 Dex+8}
 64749 | Depths:2 | Found a shimmering altar of Xom.
 64749 | Depths:2 | Found a shadowy altar of Dithmenos.
 64749 | Depths:2 | Found an ornate altar of the Wu Jian Council.
 64749 | Depths:2 | Found a broken altar of Ashenzari.
 65120 | Depths:2 | Learned a level 9 spell: Shatter
 65322 | Orc:2    | Bought Great Wizards, Vol. II for 532 gold pieces
 65420 | Elf:2    | Learned a level 5 spell: Borgnjor's Vile Clutch
 65631 | Swamp:2  | Killed Rualuul's ghost
 65960 | Snake:3  | Killed Mara
 66208 | Vaults:1 | Killed an ancient lich
 66217 | Vaults:1 | Killed Pixtaico's ghost
 66809 | Depths:2 | Killed a juggernaut
 67076 | Depths:2 | Killed Norris
 67140 | Depths:2 | Identified the staff of Dishonour {rC+ rN+ Stlth+ Ice}
 67780 | Depths:3 | Found a corrupted altar of Lugonu.
 67783 | Depths:3 | Found a shadowy altar of Dithmenos.
 67796 | Depths:3 | Reached XP level 24. HP: 151/151 MP: 42/42
 67987 | Depths:3 | Identified the +1 robe "Kamadwid" {rN+ Int+2 Stlth+}
 67987 | Depths:3 | Identified the +0 plate armour of the Volcano {Fly rF+
                  | Will- Int+7}
 68056 | Depths:3 | Noticed a juggernaut
 68161 | Depths:3 | Killed a juggernaut
 69211 | Depths:3 | Found Maogawn's Assorted Antiques.
 69219 | Depths:3 | Bought a scroll of enchant armour for 322 gold pieces
 69304 | Depths:3 | Found a shimmering blue altar of Sif Muna.
 69516 | Depths:4 | Entered Level 4 of the Depths
 69516 | Depths:4 | Found a huge runed gate.
 69516 | Depths:4 | Found a huge runed gate.
 69516 | Depths:4 | Found a huge runed gate.
 69516 | Depths:4 | Found a huge runed gate.
 69516 | Depths:4 | Found a huge runed gate.
 69516 | Depths:4 | Found a huge runed gate.
 69516 | Depths:4 | Found a huge runed gate.
 69516 | Depths:4 | Found a huge runed gate.
 69516 | Depths:4 | Found a huge runed gate.
 69516 | Depths:4 | Found a huge runed gate.
 69516 | Depths:4 | Found a huge runed gate.
 69555 | Depths:4 | Found a huge runed gate.
 69556 | Depths:4 | Found a huge runed gate.
 69559 | Depths:4 | Found a huge runed gate.
 69606 | Depths:4 | Found a huge runed gate.
 69606 | Depths:4 | Found a huge runed gate.
 69606 | Depths:4 | Found a huge runed gate.
 69606 | Depths:4 | Found a huge runed gate.
 69606 | Depths:4 | Found a huge runed gate.
 69607 | Depths:4 | Found a huge runed gate.
 69608 | Depths:4 | Found a huge runed gate.
 69609 | Depths:4 | Found a huge runed gate.
 69610 | Depths:4 | Found a huge runed gate.
 69618 | Depths:4 | Found a huge runed gate.
 69618 | Depths:4 | Found a huge runed gate.
 69618 | Depths:4 | Found a huge runed gate.
 69618 | Depths:4 | Found a huge runed gate.
 69618 | Depths:4 | Found a huge runed gate.
 69618 | Depths:4 | Found a huge runed gate.
 69619 | Depths:4 | Found a huge runed gate.
 69620 | Depths:4 | Found a huge runed gate.
 69621 | Depths:4 | Found a huge runed gate.
 69629 | Depths:4 | Found a huge runed gate.
 69629 | Depths:4 | Found a huge runed gate.
 69629 | Depths:4 | Found a huge runed gate.
 69629 | Depths:4 | Found a huge runed gate.
 69793 | Depths:4 | Noticed a juggernaut
 69796 | Depths:4 | Killed a juggernaut
 70186 | Depths:4 | Found a gate to the Realm of Zot.
 70652 | Depths:4 | Noticed Sojobo
 70667 | Depths:4 | Killed Sojobo
 71302 | Depths:4 | Noticed Gefov's ghost (veteran GnWn)
 71302 | Depths:4 | Noticed Ymesich's ghost (veteran HOGl)
 71302 | Depths:4 | Noticed Jobey's ghost (master DjCK)
 71302 | Depths:4 | Noticed Fiun's ghost (veteran GnWn)
 71302 | Depths:4 | Noticed Ymeapuof's ghost (veteran GnWn)
 71302 | Depths:4 | Noticed a caustic shrike
 71303 | Depths:4 | Noticed Fiun's ghost (veteran GnWn)
 71303 | Depths:4 | Noticed Lucarghiu's ghost (veteran GnWn)
 71309 | Depths:4 | Killed a caustic shrike
 71314 | Depths:4 | Killed Fiun's ghost
 71314 | Depths:4 | Killed Lucarghiu's ghost
 71319 | Depths:4 | Killed Fiun's ghost
 71319 | Depths:4 | Killed Gefov's ghost
 71627 | Depths:4 | Killed Ymesich's ghost
 71628 | Depths:4 | Reached XP level 25. HP: 155/159 MP: 27/43
 71683 | Depths:4 | Killed Ymeapuof's ghost
 71757 | Depths:4 | Killed Jobey's ghost
 71760 | Depths:4 | Identified the ring "Lipotolo" {rElec Str+6}
 72094 | Crypt:1  | Entered Level 1 of the Crypt
 73192 | Crypt:1  | Reached skill level 10 in Polearms
 75155 | Crypt:3  | Entered Level 3 of the Crypt
 75517 | Crypt:3  | Found an ancient bone altar of Kikubaaqudgha.
 76429 | Crypt:3  | Identified the amulet of the Prince of Darkness {rF+ rN+
                  | Regen+ Dex+2}
 76429 | Crypt:3  | Identified the ring "Cadghidua" {rN+ Slay+2}
 76429 | Crypt:3  | Identified the ring "Pitolen" {rN+ Dex+3}
 76867 | Crypt:3  | Reached XP level 26. HP: 162/168 MP: 25/44
 77082 | Crypt:3  | Noticed a dread lich
 77094 | Crypt:3  | Killed a dread lich
 77106 | Crypt:3  | Found a staircase to the Tomb.
 77406 | Vaults:5 | Entered Level 5 of the Vaults
 77406 | Vaults:5 | Noticed Bai Suzhen
 77409 | Vaults:5 | Reached skill level 5 in Evocations
 77416 | Vaults:5 | Killed Bai Suzhen
 77505 | Vaults:5 | Noticed an ancient lich
 77507 | Vaults:5 | Noticed an ancient lich
 77509 | Vaults:5 | Killed an ancient lich
 77510 | Vaults:5 | Killed an ancient lich
 77520 | Vaults:5 | Noticed an ancient lich
 77523 | Vaults:5 | Killed an ancient lich
 77912 | Vaults:5 | Noticed an ancient lich
 77916 | Vaults:5 | Killed an ancient lich
 78035 | Vaults:5 | Identified the +5 orcbow of Cataclysm {flame, rN++}
 78077 | Vaults:5 | Identified the +4 quarterstaff of the Unseen Realm
                  | {antimagic, rN+ rCorr Int+2 Dex+2}
 78128 | Vaults:5 | Identified the +1 short sword "Kuxi Pio" {pain, rF+ Str+5}
 78204 | Vaults:5 | Got a silver rune of Zot
 78405 | Vaults:5 | Identified the +6 rapier of Abuse {pain, rC++ Str+3}
 78447 | Vaults:5 | Identified the +1 spear of Ichaps {holy, Contam rC+ Will+
                  | Str+3}
 78454 | Vaults:5 | Identified the +0 ring mail "Doskaqit" {Str+5 Stlth+}
 78993 | Zot:1    | Entered Level 1 of the Realm of Zot
 79015 | Zot:1    | Reached XP level 27. HP: 45/177 MP: 16/45
 81417 | Zot:3    | Identified the +7 ring mail of Disguise {Rampage}
 81473 | Zot:3    | Noticed an orb of fire
 81478 | Zot:3    | Gained mutation: Armour fits poorly on your strangely
                  | shaped body. [an orb of fire]
 81483 | Zot:3    | Gained mutation: You sometimes lose your temper in combat.
                  | [an orb of fire]
 81485 | Zot:3    | Killed an orb of fire
 81927 | Zot:4    | Identified the +1 pair of gloves "Roxoir Tuawk" {Will++
                  | Str+8 Dex-5 Stlth+}
 81936 | Zot:4    | Acquired 409 gold pieces
 81999 | Zot:4    | Noticed an orb of fire
 82003 | Zot:4    | Killed an orb of fire
 82789 | Zot:4    | Identified the +8 rapier "Uceipt" {freeze, rN+}
 82832 | Zot:5    | Entered Level 5 of the Realm of Zot
 83184 | Zot:5    | Found a runed translucent door.
 83184 | Zot:5    | Noticed Ygyeth Femmu's ghost (veteran MiBe)
 83228 | Zot:5    | Killed Ygyeth Femmu's ghost
 83406 | Zot:5    | Noticed a dread lich
 83408 | Zot:5    | Killed a dread lich
 83584 | Zot:5    | Noticed an orb of fire
 83585 | Zot:5    | Gained mutation: You occasionally shout uncontrollably at
                  | your foes. [an orb of fire]
 83588 | Zot:5    | Killed an orb of fire
 83762 | Zot:5    | Noticed an orb of fire
 83763 | Zot:5    | Noticed a dread lich
 83765 | Zot:5    | Gained mutation: You are dopey. (Int -2) [an orb of fire]
 83849 | Zot:5    | Noticed an ancient lich
 83854 | Zot:5    | Killed an ancient lich
 84142 | Zot:5    | Killed a dread lich
 84253 | Zot:5    | Killed an orb of fire
 84340 | Zot:5    | Noticed an orb of fire
 84347 | Zot:5    | Gained mutation: Your magical capacity is low. (-10% MP)
                  | [an orb of fire]
 84348 | Zot:5    | Killed an orb of fire
 84499 | Zot:5    | Noticed an orb of fire
 84538 | Zot:5    | Killed an orb of fire
 84542 | Zot:5    | Noticed a dread lich
 84553 | Zot:5    | Killed a dread lich
 84994 | Zot:5    | Gained mutation: Your movements are slightly less
                  | encumbered by armour. (ER -2) [mutagenic glow]
 85152 | Depths:3 | Bought a potion of enlightenment for 215 gold pieces
 85152 | Depths:3 | Bought a potion of haste for 430 gold pieces
 85152 | Depths:3 | Bought a potion of brilliance for 172 gold pieces
 85196 | Depths:2 | Bought a potion of mutation for 128 gold pieces
 85273 | D:15     | Bought 2 potions of lignification for 96 gold pieces
 85273 | D:15     | Bought 2 potions of enlightenment for 160 gold pieces
 85273 | D:15     | Bought 2 potions of magic for 256 gold pieces
 85720 | Elf:3    | Bought a potion of haste for 160 gold pieces
 85720 | Elf:3    | Bought a scroll of enchant armour for 120 gold pieces
 85846 | Orc:2    | Bought a scroll of teleportation for 45 gold pieces
 85846 | Orc:2    | Bought a scroll of teleportation for 45 gold pieces
 85846 | Orc:2    | Bought a scroll of fog for 60 gold pieces
 85846 | Orc:2    | Bought a scroll of teleportation for 45 gold pieces
 85852 | Orc:2    | Learned a level 5 spell: Irradiate
 85997 | Slime:1  | Entered Level 1 of the Pits of Slime
 86000 | Slime:1  | Gained mutation: You are weak. (Str -2) [a shining eye]
 89575 | Slime:5  | Entered Level 5 of the Pits of Slime
 90076 | Slime:5  | Noticed the Royal Jelly
 90490 | Slime:5  | Killed the Royal Jelly
 90763 | Slime:5  | Identified the +8 hand axe of Detzeose {speed, rN++}
 90771 | Slime:5  | Identified the +5 short sword of Cilezant {flame, rC++
                  | Int+6}
 90784 | Slime:5  | Identified the ring of Idoedesh {Wiz rN+ Dex-2 SInv}
 90810 | Slime:5  | Identified the +1 ring mail of the Forsaken Shrikes {+Blink
                  | Fly Int+3}
 90824 | Slime:5  | Identified the +5 sling of the Blue God {freeze, +Blink
                  | Str+2 Stlth-}
 90897 | Slime:5  | Got a slimy rune of Zot
 90898 | Slime:5  | Identified the +7 spear "Bibbufib" {venom, rElec rC+ Will-
                  | Dex+5}
 91143 | Slime:5  | Lost mutation: You sometimes lose your temper in combat.
                  | [potion of mutation]
 91143 | Slime:5  | Lost mutation: You occasionally shout uncontrollably at
                  | your foes. [potion of mutation]
 91143 | Slime:5  | Lost mutation: Your movements are slightly less encumbered
                  | by armour. (ER -2) [potion of mutation]
 91144 | Slime:5  | Lost mutation: You are dopey. (Int -2) [potion of mutation]
 91144 | Slime:5  | Lost mutation: Armour fits poorly on your strangely shaped
                  | body. [potion of mutation]
 91144 | Slime:5  | Gained mutation: You are partially covered in large bone
                  | plates. (SH +4) [potion of mutation]
 91144 | Slime:5  | Gained mutation: Your skin changes colour to match your
                  | surroundings (Stealth+). [potion of mutation]
 91144 | Slime:5  | Gained mutation: You have supernaturally acute eyesight.
                  | (SInv) [potion of mutation]
 91741 | Tomb:1   | Entered Level 1 of the Tomb of the Ancients
 92536 | Tomb:1   | Noticed a royal mummy
 92542 | Tomb:1   | Killed a royal mummy
 93032 | Tomb:2   | Noticed a royal mummy
 93033 | Tomb:2   | Noticed a royal mummy
 93033 | Tomb:2   | Noticed a royal mummy
 93033 | Tomb:2   | Noticed a royal mummy
 93033 | Tomb:2   | Noticed a royal mummy
 93039 | Tomb:2   | Killed a royal mummy
 93039 | Tomb:2   | Killed a royal mummy
 93040 | Tomb:2   | Killed a royal mummy
 93331 | Tomb:2   | Killed a royal mummy
 93331 | Tomb:2   | Killed a royal mummy
 93732 | Tomb:2   | Reached skill level 15 in Armour
 94188 | Tomb:3   | Identified the "Areusm"
 94188 | Tomb:3   | Entered Level 3 of the Tomb of the Ancients
 94215 | Tomb:3   | Noticed a royal mummy
 94216 | Tomb:3   | Noticed a royal mummy
 94216 | Tomb:3   | Noticed a royal mummy
 94218 | Tomb:3   | HP: 8/179 [royal mummy/divine providence (16)]
 94218 | Tomb:3   | Noticed a royal mummy
 94219 | Tomb:3   | Noticed a royal mummy
 94612 | Tomb:3   | Killed a royal mummy
 94613 | Tomb:3   | Killed a royal mummy
 94613 | Tomb:3   | Killed a royal mummy
 94613 | Tomb:3   | Killed a royal mummy
 94613 | Tomb:3   | Killed a royal mummy
 94613 | Tomb:3   | Noticed a royal mummy
 94616 | Tomb:3   | Noticed a royal mummy
 94617 | Tomb:3   | Killed a royal mummy
 94617 | Tomb:3   | Killed by a royal mummy's death curse

Illustrated notes

Levels and vault maps discovered:
D:1:      ebering_trefoil_twist, layout_basic
D:2:      layout_basic
D:3:      layout_loops_ring, nicolae_tso_carved_into_rock,
          mainiacjoe_overflow_small_starburst, chequers_mini_garden,
          uniq_terence
D:4:      layout_basic, serial_shops, kennysheep_little_box,
          kennysheep_generic_room_12
D:5:      layout_basic, mainiacjoe_overflow_catwalk
D:6:      layout_loops_ring, mainiacjoe_overflow_brackets,
          lemuel_coloured_pillars_altar, amcnicky_altar_gilded,
          minmay_temple_entry_statues_fountains
D:7:      layout_cave_pools, mainiacjoe_overflow_six_doors_small
D:8:      layout_loops_ring, lemuel_doored_altar,
          nicolae_overflow_crystal_walls, serial_bayou, serial_bayou_shore_a,
          serial_bayou_crossing, serial_bayou_pond_b, serial_bayou_lagoon_a
D:9:      layout_basic, kennysheep_generic_room_2
D:10:     nicolae_cairo_tiling_large, layout_cave_pools, lightli_temple_of_fire,
          lemuel_round_altar, minivault_16, solitary_fountain, uniq_maurice,
          uniq_maggie, uniq_grum
D:11:     layout_basic, erik_orc_4, uniq_erolcha
D:12:     layout_basic, serial_bayou_ford_a, uniq_nergalle, uniq_urug
D:13:     layout_basic, david_vaults_2, hellmonk_guarded_unrand_gyre_and_gimble
D:14:     layout_irregular_city, gauntlet_entry_generic, uniq_josephine,
          uniq_louise, uniq_lodul
D:15:     hellmonk_depths_entry_around_the_bend, layout_stronghold,
          serial_bayou_pond_b, serial_shops, shop, nicolae_shop_hallway_stairs,
          shop, shop, minmay_diced_spiral, uniq_jorgrun
Temple:   chequers_temple_sunken
Lair:1:   layout_hall_layers, uniq_amaemon
Lair:2:   layout_concentric_octagons, minmay_snake_entry_guardpost_small,
          nicolae_volcano_entry_lava_flow, uniq_gastronok
Lair:3:   layout_small_grid, skrybe_swamp_entry_bodies, lemuel_fruit_tree
Lair:4:   mu_elephants_graveyard, layout_cave_shapes, grunt_megastairs_3
Lair:5:   grunt_lair_end_beastmaster, layout_misc_corridors, slime_entry_1,
          lemuel_fruit_fields, uniq_nessos
Swamp:1:  nicolae_swamp_ascending_descending_big, layout_falls_marsh,
          hangedman_swamp_blocks, infiniplex_staircase_pool_2
Swamp:2:  layout_basic_swamp, ebering_ghost_disaster_area,
          evilmike_swamp_ruin_house_3
Swamp:3:  layout_falls_marsh, evilmike_swamp_ruin_wall
Swamp:4:  nzn_swamp_witches_coven, layout_basic_swamp,
          nicolae_swamp_tree_designs
Snake:1:  layout_rooms
Snake:2:  layout_basic, minmay_shop_grove, uniq_vashnia, uniq_azrael,
          uniq_aizul, uniq_nikola, uniq_agnes
Snake:3:  nicolae_snake_attic_fulla_snakes, layout_honeycomb,
          nicolae_snake_salamander_fort
Snake:4:  snake_pit, layout_cave_town, abandoned_shop, uniq_mara
Slime:1:  layout_caves
Slime:2:  layout_caves
Slime:3:  layout_caves
Slime:4:  layout_caves, nicolae_slime_rock_hall_of_fame
Slime:5:  slime_pit_nicolae_amoeboid
Orc:1:    layout_diamond_mine, serial_shops, shop
Orc:2:    st_orc_town, layout_diamond_mine, library_closet, uniq_donald
Elf:1:    minmay_elf_arrival_summoners, layout_geoelf_diagonals,
          evilmike_minifort, nicolae_shop_gadgets, grunt_megastairs_4
Elf:2:    elven_hall_of_blades_hangedman_alternative
          [nicolae_blade_entry_pointy_end], layout_loops_cross, serial_shops,
          nicolae_shop_tiny_glass, uniq_roxanne
Elf:3:    grunt_elf_hall_diamonds, layout_onion_city, serial_shops, shop
Vaults:1: nzn_ghost_randoct, nicolae_vaults_trapezoid_3,
          hangedman_vaults_stagger, v_misc_13, v_misc_2, ontoclasm_vaults_twist,
          nicolae_vaults_quartermaster, vaults_room_grunt_arrival_ludios,
          ontoclasm_vaults_bender, vaults_standard_mumra_x,
          vaults_room_door_ring, nicolae_vaults_offset_grid_hallway_1,
          nicolae_vaults_six-pack, vaults_room_fours,
          nicolae_vaults_shelves_hall, ontoclasm_vaults_pinch,
          layout_vaults_omnibox, enter_trove_6
Vaults:2: st_squares, ontoclasm_vaults_eye, hangedman_vaults_locks,
          hangedman_vaults_corner_blocks, v_misc_16, nicolae_vaults_turnstiles,
          v_alt_pattern_3, minmay_crypt_entry_necro_gods,
          nicolae_vaults_little_squares_5, nicolae_vaults_surprise_closet,
          vaults_dpeg_encased_lava, nicolae_vaults_surprise_closet,
          nicolae_vaults_little_squares_3, layout_vaults_omnicross
Vaults:3: v_rooms_5, hangedman_vaults_cutoff, nicolae_vaults_disjoint_gnomons,
          nicolae_vaults_house_3, hangedman_vaults_unwind, v_misc_28,
          vaults_room_pool, vaults_room_fours, nicolae_vaults_holding_cells,
          v_misc_22, ontoclasm_vaults_fault, nicolae_vaults_two_Ls, v_misc_19,
          nicolae_vaults_hexular_roomagon, grunt_vaults_hallway_long,
          layout_vaults_ring
Vaults:4: v_rooms_2, v_misc_31, nicolae_vaults_big_angled_halls,
          ontoclasm_vaults_shuriken, nicolae_vaults_border_crossing,
          hangedman_vaults_snaps, nicolae_vaults_wine_cellar,
          nicolae_vaults_tetromino_L_2, nicolae_vaults_little_guard_posts,
          dpeg_vaults_monster_box, layout_vaults_big_room
Vaults:5: serial_shops, uniq_bai_suzhen, uniq_margery
Crypt:1:  layout_rooms, roderic_lattice_octagonal_star,
          grunt_crypt_arrival_webbed
Crypt:2:  layout_catacombs, minivault_19, st_stairs_14
Crypt:3:  grunt_crypt_end_deaths_head
Tomb:1
Tomb:2
Tomb:3
Depths:1: layout_gridlike, serial_shops, shop, hangedman_coc_ice_floe,
          nicolae_wwwww, hellmonk_guarded_unrand_salamander, grunt_megastairs_2
Depths:2: minmay_the_grid_octo_tiled_octocenter
          [minmay_the_grid_octo_concentric, minmay_the_grid_octo_thin_diamonds,
          minmay_the_grid_octo_clover, minmay_the_grid_octo_shrine,
          minmay_the_grid_octo_prize_star, minmay_the_grid_square_5x5_two_small,
          minmay_the_grid_square_5x5_inner_i,
          minmay_the_grid_square_5x5_minivault,
          minmay_the_grid_square_5x5_bite], layout_long_grid, enter_ziggurat_c,
          pf_dread_powers_of_hell, rand_demon_pan_entry_5, abyss_entry,
          fountainhead, nicolae_transmutations_shop, uniq_norris
Depths:3: evilmike_pillar_path, layout_twisted_cross, serial_shops, shop,
          abyss_entry_flame_altar, hellmouth_1, nicolae_dithmenos_shadow_blocks,
          tgw_sif, minmay_staircase_statues
Depths:4: grunt_zot_entry_funnels, layout_basic, gammafunk_ghost_door_vault,
          hell_entry, rand_demon_pan_entry_1, uniq_sojobo
Zot:1:    layout_misc_corridors, hangedman_zot_decor_slant
Zot:2:    layout_onion_interference
Zot:3:    layout_basic
Zot:4:    layout_twisted_circle, skrybe_zot_glass_1, uniq_josephina
Zot:5:    layout_misc_corridors, gammafunk_ghost_grave

Skill      XL: |  1  2  3  4  5  6  7  8  9 10 11 12 13 14 15 16 17 18 19 20 21 22 23 24 25 26 27 |
---------------+----------------------------------------------------------------------------------+-----
Earth Magic    | 4 5 6 7 8 10 11 12 14 16 17 18 19 21 22 23 24 25 27 | 27.0
Transmutations | 1 2 3 5 7 |  7.0
Armour         | 1 2 3 4 5 6 7 9 10 12 13 15 | 15.0
Fighting       | 1 2 3 5 6 7 8 9 10 11 12 13 14 15 16 18 19 20 | 20.0
Dodging        | 2 3 4 5 6 7 8 9 |  9.0
Stealth        | 3 4 5 |  5.0
Conjurations   | 1 2 3 4 5 6 7 8 10 11 12 13 14 15 16 17 18 20 25 | 25.9
Evocations     | 1 2 3 4 6 7 |  7.0
Spellcasting   | 3 4 5 6 7 8 9 10 11 12 13 14 15 16 17 18 23 | 23.7
Throwing       | 1 2 |  2.0
Staves         | 2 3 |  3.0
Shields        | 3 4 6 7 9 10 11 12 13 14 15 16 17 | 17.0
Maces & Flails | 3 4 5 |  5.6
Ice Magic      | 2 4 5 6 7 |  7.0
Air Magic      | 2 3 |  3.0
Polearms       | 3 4 7 9 11 12 | 12.8

Action                     |  1- 3 |  4- 6 |  7- 9 | 10-12 | 13-15 | 16-18 | 19-21 | 22-24 | 25-27 || total
---------------------------+-------+-------+-------+-------+-------+-------+-------+-------+-------++-------
  Melee: Quarterstaff      |     9 |     7 |     8 |       |       |       |       |       |       ||    24
         Unarmed           |     2 |       |       |       |       |       |       |       |       ||     2
         Mace              |       |       |     3 |    16 |       |       |       |       |       ||    19
         Whip              |       |       |       |    36 |       |       |       |       |       ||    36
         Dagger            |       |       |       |    16 |       |       |       |       |       ||    16
         Morningstar       |       |       |       |       |    43 |       |       |       |       ||    43
         Staff             |       |       |       |       |     1 |     2 |    17 |       |     6 ||    26
         Eveningstar       |       |       |       |       |       |       |    28 |    18 |       ||    46
         Lance             |       |       |       |       |       |       |    12 |   152 |   223 ||   387
  Throw: Dart              |       |     1 |    23 |    30 |    21 |     1 |       |       |       ||    76
         Boomerang         |       |       |     2 |       |       |       |       |       |       ||     2
         Throwing net      |       |       |     1 |     1 |       |       |       |       |       ||     2
   Cast: Sandblast         |    49 |    69 |   140 |   123 |   169 |    45 |   122 |    36 |     5 ||   758
         Passwall          |       |     1 |       |       |       |       |       |       |       ||     1
         Stone Arrow       |       |       |    43 |   189 |   678 |   740 |   764 |   330 |   155 ||  2899
         Magic Dart        |       |       |    29 |    88 |   256 |   124 |   105 |    18 |    66 ||   686
         Brom's Barrelling |       |       |       |     6 |     8 |     4 |     1 |    12 |       ||    31
         Hailstorm         |       |       |       |     7 |     1 |     1 |     1 |       |       ||    10
         Freezing Cloud    |       |       |       |       |    35 |   115 |   200 |    53 |    20 ||   423
         Frozen Ramparts   |       |       |       |       |     6 |     6 |    50 |    28 |       ||    90
         Lee's Rapid Decon |       |       |       |       |     2 |     3 |    47 |    21 |    18 ||    91
         Petrify           |       |       |       |       |       |     1 |     1 |       |       ||     2
         Lehudib's Crystal |       |       |       |       |       |       |     9 |   367 |   571 ||   947
         Shatter           |       |       |       |       |       |       |       |    18 |   346 ||   364
         Borgnjor's Vile C |       |       |       |       |       |       |       |     1 |     9 ||    10
         Irradiate         |       |       |       |       |       |       |       |       |     1 ||     1
Ability: Evoke Blink       |       |       |       |       |       |       |       |     1 |       ||     1
  Evoke: Wand              |       |       |       |     4 |     2 |       |     1 |     2 |       ||     9
         Phial of floods   |       |       |       |     1 |       |       |     1 |       |       ||     2
    Use: Scroll            |       |     5 |     7 |    10 |    15 |    12 |     8 |    13 |    13 ||    83
         Potion            |       |       |     2 |     1 |     3 |     2 |     1 |    13 |    18 ||    40
   Stab: Sleeping          |     1 |       |       |     1 |       |       |       |     1 |       ||     3
         Paralysed         |       |       |       |     4 |       |       |       |       |       ||     4
         Distracted        |       |       |       |       |       |       |       |       |     1 ||     1
 Armour: Robe              |    12 |    22 |    20 |   174 |       |       |       |       |       ||   228
         Leather armour    |       |       |    63 |    21 |   256 |       |       |       |       ||   340
         Steam dragon scal |       |       |       |       |    10 |   338 |    42 |       |       ||   390
         Ring mail         |       |       |       |       |       |       |   354 |   436 |   454 ||  1244
         Scale mail        |       |       |       |       |       |       |       |       |    28 ||    28
  Dodge: Dodged            |    19 |    33 |    72 |   124 |   220 |   145 |   312 |   283 |   348 ||  1556
  Block: Buckler           |       |       |     3 |   102 |   287 |       |       |       |       ||   392
         Other             |       |       |     1 |       |       |       |       |       |       ||     1
         Reflection        |       |       |       |     9 |    13 |    33 |    82 |    24 |    11 ||   172
         Kite shield       |       |       |       |       |       |   190 |   320 |   323 |   432 ||  1265

Table legend: (Time is in decaauts)
 A = Elapsed time spent in this place.
 B = Non-inter-level travel time spent in this place.
 C = Inter-level travel time spent in this place.
 D = Time resting spent in this place.
 E = Time spent auto-exploring this place.
 F = Levels seen in this place.
 G = Mean time per level.
                   A        B        C        D        E       F      G
               +--------+--------+--------+--------+--------+-----+--------+
         Total |  95148 |  87141 |   8007 |  26370 |  40701 |  62 | 1534.6 |
       Dungeon |  23137 |  20312 |   2825 |   5270 |  11252 |  15 | 1542.5 |
        Temple |      1 |      1 |      0 |      0 |      0 |   1 |    1.0 |
          Lair |  10233 |   9390 |    843 |   2756 |   4964 |   5 | 2046.6 |
         Swamp |   4868 |   4627 |    241 |   1257 |   2268 |   4 | 1217.0 |
     Snake Pit |   6384 |   6075 |    309 |   1886 |   2934 |   4 | 1596.0 |
    Slime Pits |   5207 |   4748 |    459 |   1608 |   2073 |   5 | 1041.4 |
  Orcish Mines |   4593 |   3776 |    817 |   1266 |   1734 |   2 | 2296.5 |
   Elven Halls |   6738 |   6267 |    471 |   2275 |   2244 |   3 | 2246.0 |
        Vaults |   9527 |   8879 |    648 |   1756 |   5148 |   5 | 1905.4 |
         Crypt |   5237 |   4733 |    504 |   1229 |   1808 |   3 | 1745.7 |
          Tomb |   2925 |   2741 |    184 |   1326 |    639 |   3 |  975.0 |
        Depths |   8722 |   8227 |    495 |   3242 |   2831 |   4 | 2180.5 |
           Zot |   5653 |   5447 |    206 |   1863 |   2235 |   5 | 1130.6 |
         Trove |     75 |     75 |      0 |      0 |      0 |   1 |   75.0 |
       Volcano |    926 |    926 |      0 |    426 |    178 |   1 |  926.0 |
      Gauntlet |    913 |    913 |      0 |    207 |    393 |   1 |  913.0 |
               +--------+--------+--------+--------+--------+-----+--------+

Top non-repeatable levels by time:
   Orc:2: 3328 daAuts
   Elf:3: 3031 daAuts
Depths:4: 2791 daAuts
Depths:2: 2542 daAuts
Vaults:1: 2406 daAuts
  Lair:4: 2383 daAuts
     D:8: 2330 daAuts
  Lair:5: 2258 daAuts
 Crypt:3: 2226 daAuts
Vaults:2: 2153 daAuts
  Lair:2: 2106 daAuts
    D:11: 2093 daAuts
Vaults:3: 2081 daAuts
 Swamp:4: 2070 daAuts
    D:10: 2055 daAuts
